 Dungeon Crawl Stone Soup version 0.29-a0-378-gc08b2e8bf8 (webtiles) character file.

Game seed: 321444986735395247

5940 IndexError the Frost Mage (level 10, -1/76 HPs)
             Began as a Gnoll Ice Elementalist on May 4, 2022.
             Was an Initiate of Ashenzari.
             Slain by a death knight
             ... wielding a +0 battleaxe
              (9 damage)
             ... on level 9 of the Dungeon.
             The game lasted 00:25:31 (11078 turns).

IndexError the Frost Mage (Gnoll Ice Elementalist) Turns: 11078, Time: 00:25:32

Health: -1/76      AC: 15    Str:  8    XL:     10   Next: 83%
Magic:  21/21      EV: 16    Int: 18    God:    Ashenzari [......]
Gold:   509        SH:  0    Dex: 18    Spells: 12/24 levels left

rFire   . . .      SeeInvis +   x - +4 mace "Kuogil" {protect, Dex+5}
rCold   . . .      Faith    .   (no shield)
rNeg    + . .      Spirit   .   R - +2 robe {Will+}
rPois   .          Reflect  .   o - +0 helmet
rElec   .          Harm     .   l - +0 cloak
rCorr   .          Rampage  .   c - +0 pair of gloves
Will    +....                   (no boots)
Stlth   ++++......              O - amulet of regeneration {+regen, !d}
HPRegen 1.02/turn               p - ring of see invisible {sInv, !d}
MPRegen 0.17/turn               s - ring of positive energy {rN+}

@: under a protective aura, slowed, very slow
A: fangs 1, strong nose, distributed training
a: Renounce Religion, Curse Item


You were on level 9 of the Dungeon.
You worshipped Ashenzari.
Ashenzari was noncommittal.
You visited 2 branches of the dungeon, and saw 10 of its levels.
You also visited: Sewer.

You collected 509 gold pieces.

Inventory:

Hand Weapons
 x - the +4 mace "Kuogil" (weapon) {protect, Dex+5}
   (You found it on level 8 of the Dungeon)

   It grants its wielder temporary protection when it strikes (+7 to AC).
   Dex:       It affects your dexterity (+5).
 I - a +1 dagger of venom
   (You took it off a kobold on level 5 of the Dungeon)
 V - a +1 dagger of flaming
   (You took it off an orc wizard on level 6 of the Dungeon)
Missiles
 y - 10 poisoned darts
Armour
 c - a +0 pair of gloves (worn)
   (You found it on level 1 of the Dungeon)
 e - a +0 ring mail
   (You found it on level 8 of the Dungeon)
 l - a +0 cloak (worn)
   (You found it on level 2 of the Dungeon)
 o - a +0 helmet (worn)
   (You found it on level 2 of the Dungeon)
 u - a +1 robe of fire resistance
   (You took it off a gnoll shaman on level 6 of the Dungeon)
 w - a +0 leather armour
   (You found it on level 8 of the Dungeon)
 K - a +0 scale mail
   (You found it on level 8 of the Dungeon)
 M - +0 steam dragon scales
   (You found it on level 7 of the Dungeon)
 P - a scarf of shadows
   (You found it on level 6 of the Dungeon)
 R - a +2 robe of willpower (worn)
   (You took it off an orc wizard on level 8 of the Dungeon)
 S - a +0 ring mail
   (You found it on level 9 of the Dungeon)
 X - a +0 ring mail
   (You took it off an orc priest on level 9 of the Dungeon)
 Z - a +0 leather armour
   (You found it on level 9 of the Dungeon)
Magical Staves
 G - a staff of conjuration {!a}
   (You found it on level 4 of the Dungeon)
 J - a staff of fire {rF+}
   (You found it on level 5 of the Dungeon)
 Q - a staff of earth
   (You found it on level 9 of the Dungeon)
 U - a staff of cold {rC+}
   (You found it on level 9 of the Dungeon)
Jewellery
 p - a ring of see invisible (left hand) {sInv, !d}
   (You found it on level 2 of the Dungeon)
 s - a ring of positive energy (right hand) {rN+}
   (You found it on level 4 of the Dungeon)
 O - an amulet of regeneration (around neck) {+regen, !d}
   (You took it off an orc wizard on level 6 of the Dungeon)
 T - an amulet of the acrobat
   (You found it on level 8 of the Dungeon)
 W - a +6 ring of strength
   (You found it on level 9 of the Dungeon)
Wands
 m - a wand of paralysis (5)
   (You found it on level 6 of the Dungeon)
 r - a wand of digging (2)
   (You found it on level 7 of the Dungeon)
 t - a wand of iceblast (10)
   (You found it on level 4 of the Dungeon)
 D - a wand of flame (13)
   (You took it off a kobold on level 5 of the Dungeon)
 N - a wand of mindburst (11)
   (You found it on level 9 of the Dungeon)
Scrolls
 d - 3 scrolls of enchant armour {unknown}
 j - 4 scrolls of teleportation {unknown}
 k - 2 scrolls of poison {!r}
 A - a scroll of fear {unknown}
 B - 4 scrolls of fog {unknown}
 L - 2 scrolls of immolation {unknown}
 Y - a scroll of identify
Potions
 a - 2 potions of resistance
 b - 2 potions of magic
 f - a potion of might
 g - 2 potions of cancellation {unknown}
 i - 2 potions of flight {unknown}
 n - 10 potions of curing {unknown}
 q - 2 potions of haste
 v - a potion of berserk rage {unknown}
 z - a potion of attraction {!q}
 C - a potion of mutation {!q}
 E - 2 potions of heal wounds {unknown}
 F - 2 potions of brilliance
 H - a potion of ambrosia
Miscellaneous
 h - a piece from Xom's chessboard (15/15)
   (You found it in a sewer)


   Skills:
 + Level 5.6 Fighting
 + Level 5.6 Short Blades
 + Level 5.6 Long Blades
 + Level 5.6 Axes
 + Level 5.6 Maces & Flails
 + Level 5.6 Polearms
 + Level 5.6 Staves
 + Level 5.6 Slings
 + Level 5.6 Bows
 + Level 5.6 Crossbows
 + Level 5.6 Throwing
 + Level 5.6 Armour
 + Level 7.3 Dodging
 + Level 7.1 Stealth
 + Level 5.6 Shields
 + Level 5.6 Unarmed Combat
 + Level 7.6 Spellcasting
 + Level 4.6 Conjurations
 + Level 4.6 Hexes
 + Level 4.6 Summonings
 + Level 4.6 Necromancy
 + Level 4.6 Translocations
 + Level 4.6 Transmutations
 + Level 4.6 Fire Magic
 + Level 8.6 Ice Magic
 + Level 4.6 Air Magic
 + Level 4.6 Earth Magic
 + Level 4.6 Poison Magic
 + Level 6.2 Invocations
 + Level 5.6 Evocations


You had 12 spell levels left.
You knew the following spells:

 Your Spells              Type           Power      Damage    Failure   Level
a - Freeze                Ice            100%       1d11      1%          1
b - Frozen Ramparts       Ice            74%        1d9       1%          3
c - Searing Ray           Conj           46%        2d6       2%          2
x - Mephitic Cloud        Conj/Pois/Air  23%        N/A       4%          3
A - Ozocubu's Armour      Ice            37%        N/A       1%          3

Your spell library contained the following spells:

 Spells                   Type           Power      Damage    Failure   Level
 Magic Dart               Conj           92%        1d7       1%          1
 Pain                     Necr           92%        1d8       1%          1
 Call Imp                 Summ           23%        N/A       2%          2
 Tukima's Dance           Hex            23%        N/A       4%          3
 Hailstorm                Conj/Ice       30%        3d8       7%          4
 Anguish                  Hex/Necr       11%        N/A       14%         4
 Fulminant Prism          Conj/Hex       11%        3d9       14%         4
 Metabolic Englaciation   Hex/Ice        15%        N/A       19%         5
 Agony                    Necr           23%        N/A       38%         5
 Excruciating Wounds      Necr           11%        N/A       38%         5
 Fireball                 Conj/Fire      11%        3d7       38%         5
 Iskenderun's Battlesphe  Conj           23%        2d8       38%         5
 Simulacrum               Ice/Necr       15%        N/A       71%         6
 Conjure Ball Lightning   Conj/Air       11%        3x3d6     92%         6
 Enfeeble                 Hex            11%        N/A       100%        7
 Orb of Destruction       Conj           11%        9d6       100%        7


Dungeon Overview and Level Annotations

Branches:
Dungeon (9/15)             Temple (1/1) D:7           Sewer (visited)
   Lair: D:8-11         Orc: D:9-12

Altars:
Ashenzari
Cheibriados
Dithmenos
Elyvilon
Fedhas
Gozag
Hepliaklqana
Makhleb
Nemelex Xobeh
Qazlal
Ru
Trog
Uskayaw
Vehumet
Wu Jian
Xom
Zin
The Shining One

Shops:
D:1 :   D:7 (

Annotations:
D:3 3 runed translucent doors, bgiannan's ghost, weakling GnFi


Innate Abilities, Weirdness & Mutations

You have very sharp teeth.
Your uncanny sense of smell can sniff out nearby items.
Your experience applies equally to all skills.


Message History

You regained 2 hp, and now have 69/75 hp.
You barely miss the wraith. The wraith barely misses you.
The wraith hits you but does no damage.
You regained 2 hp, and now have 71/75 hp.
You closely miss the wraith. The wraith hits you but does no damage.
You hit the wraith but do no damage.
Your weapon exudes an aura of protection.
The wraith closely misses you. x2
Spoiler Alert: The wraith can slow you in melee!
You regained 2 hp, and now have 74/75 hp.
You hit the wraith but do no damage. The wraith misses you.
The wraith hits you but does no damage.
Health restored: 75 You closely miss the wraith.
Your icy armour starts to melt.
You feel yourself speed up. The wraith hits you. The wraith drains your vigour!
You feel yourself slow down.
Spoiler Alert: The wraith can slow you in melee!
You take 3 damage, and have 72/75 hp.
You hit the wraith.
The wraith hits you but does no damage. x2
You barely miss the wraith. You bite the wraith, but do no damage.
The wraith closely misses you. x2
Health restored: 75 You closely miss the wraith.
Your icy armour evaporates.
The wraith closely misses you. The wraith misses you.
Spoiler Alert: The wraith can slow you in melee!
You hit the wraith.
Your weapon exudes an aura of protection.
The wraith misses you.
You closely miss the wraith. The wraith hits you but does no damage.
The wraith closely misses you.
You hit the wraith.
Your weapon exudes an aura of protection.
The wraith hits you. The wraith drains your vigour!
You feel as though you will be slow longer.
The wraith hits you. The wraith drains your vigour!
You feel as though you will be slow longer.
Spoiler Alert: The wraith can slow you in melee!
You take 4 damage, and have 71/75 hp.
You hit the wraith but do no damage. The wraith hits you but does no damage.
You regained 2 hp, and now have 73/75 hp.
You hit the wraith but do no damage. The wraith hits you but does no damage.
The wraith barely misses you.
You hit the wraith. The wraith completely misses you.
Spoiler Alert: The wraith can slow you in melee!
Health restored: 75 You completely miss the wraith.
Your bite misses the wraith. The wraith hits you.
The wraith drains your vigour!
You feel as though you will be slow longer.
The wraith closely misses you.
You take 3 damage, and have 72/75 hp.
MP restored: 21 You hit the wraith.
The wraith hits you. The wraith drains your vigour!
You feel as though you will be slow longer.
The wraith barely misses you.
Spoiler Alert: The wraith can slow you in melee!
You take 5 damage, and have 67/75 hp.
You hit the wraith but do no damage. You punch the wraith, but do no damage.
The wraith misses you.
You regained 2 hp, and now have 69/75 hp.
You barely miss the wraith. You bite the wraith, but do no damage.
The wraith hits you. The wraith hits you but does no damage.
An orc comes into view. It is wielding a +0 flail.
Spoiler Alert: The wraith can slow you in melee!
You take 4 damage, and have 65/75 hp.
The orc shouts!
You hit the wraith.
A skeletal warrior comes into view. It is wielding a +0 war axe.
You regained 2 hp, and now have 67/76 hp.
The skeletal warrior completely misses you.
A death knight comes into view. It is wielding a +0 battleaxe.
You regained 2 hp, and now have 69/76 hp.
You closely miss the orc. The orc barely misses you.
You closely miss the orc. You punch the orc. The orc barely misses you.
The death knight invokes the aid of Yredelemnul against you.
You resist with some effort. The orc hits you but does no damage.
You regained 2 hp, and now have 72/76 hp.
You closely miss the orc. You bite the orc, but do no damage.
The death knight hits you with a +0 battleaxe!
The orc hits you but does no damage.
The death knight hits you with a +0 battleaxe!!
The orc barely misses you.
You take 31 damage, and have 41/76 hp.
MASSIVE DAMAGE!!
You hit the orc but do no damage.
Your weapon exudes an aura of protection.
You bite the orc, but do no damage.
The death knight hits you with a +0 battleaxe!
A wraith comes into view.
The orc completely misses you.
The death knight hits you with a +0 battleaxe!
* * * LOW HITPOINT WARNING * * *
Spoiler Alert: The wraith can slow you in melee!
You take 29 damage, and have 12/76 hp.
MASSIVE DAMAGE!!
You hit the orc.
The death knight hits you with a +0 battleaxe!
* * * LOW HITPOINT WARNING * * *
You take 6 damage, and have 6/76 hp.
The death knight hits you with a +0 battleaxe!
You die...

#.#.# #.#.# #####
#.#.#### ....# #......
....# .....∆ ....####
.z. ........ ###W#
.##..... ..#p# .##.....
#.#@####### ##......
#.#.......#
##........####.#.......#
................>......#
##...#.#######.#.......#
####.#.# #.#.......#
).##.#.# #.#.......#
..##.#.# #.#.......#
.....#.# #.#.......#


You could see a death knight, a skeletal warrior and a wraith.

Vanquished Creatures
  A boulder beetle (D:9)
  A two-headed ogre (D:9)
  The ghost of Thjof the Poker, a novice MfMo of Hepliaklqana (D:5)
  A hornet (D:8)
  A troll (D:9)
  Grinder (D:5)
  2 wraiths (D:9)
  Eustachio (D:4)
  A steam dragon (D:7)
  3 water moccasins
  An ice beast (D:6)
  3 ogres
  A centaur (D:7)
  4 bullfrogs
  A kobold brigand (D:5)
  A necrophage (D:4)
  6 scorpions
  9 killer bees (D:8)
  6 howler monkeys
  A gnoll shaman (D:6)
  2 hounds
  8 orc priests
  3 jellies
  3 iguanas
  12 orc wizards
  6 gnolls
  12 adders
  2 white imps
  An ufetubus (D:4)
  4 worms
  19 orcs
  14 endoplasms
  13 giant cockroaches
  6 goblins
  7 hobgoblins
  A jackal (D:4)
  11 kobolds
  17 quokkas
  13 ball pythons
  2 bats (D:1)
  9 frilled lizards
  8 rats
219 creatures vanquished.

Vanquished Creatures (others)
  An orc (D:9)
  3 fungi (D:5)
  A plant (D:5)
5 creatures vanquished.

Grand Total: 224 creatures vanquished

Notes
Turn   | Place    | Note
-------+----------+-------------------------------------------
     0 | D:1      | IndexError the Gnoll Ice Elementalist began the quest for
                  | the Orb.
     0 | D:1      | Reached XP level 1. HP: 13/13 MP: 6/6
   220 | D:1      | Found Pos Ziw's Book Shoppe.
   225 | D:1      | Reached XP level 2. HP: 19/19 MP: 5/7
   371 | D:1      | Found a faded altar of an unknown god.
   661 | D:1      | Reached XP level 3. HP: 21/25 MP: 7/9
   758 | D:2      | Reached skill level 5 in Spellcasting
   930 | D:2      | Reached skill level 1 in Invocations
  1103 | D:2      | Reached skill level 1 in Fighting
  1103 | D:2      | Reached skill level 1 in Short Blades
  1103 | D:2      | Reached skill level 1 in Long Blades
  1103 | D:2      | Reached skill level 1 in Axes
  1103 | D:2      | Reached skill level 1 in Maces & Flails
  1103 | D:2      | Reached skill level 1 in Polearms
  1103 | D:2      | Reached skill level 1 in Staves
  1103 | D:2      | Reached skill level 1 in Slings
  1103 | D:2      | Reached skill level 1 in Bows
  1103 | D:2      | Reached skill level 1 in Crossbows
  1103 | D:2      | Reached skill level 1 in Throwing
  1103 | D:2      | Reached skill level 1 in Armour
  1103 | D:2      | Reached skill level 1 in Shields
  1103 | D:2      | Reached skill level 1 in Unarmed Combat
  1103 | D:2      | Reached skill level 1 in Evocations
  1103 | D:2      | Reached XP level 4. HP: 14/32 MP: 6/11
  1799 | D:3      | Reached skill level 1 in Conjurations
  1799 | D:3      | Reached skill level 1 in Hexes
  1799 | D:3      | Reached skill level 1 in Summonings
  1799 | D:3      | Reached skill level 1 in Necromancy
  1799 | D:3      | Reached skill level 1 in Translocations
  1799 | D:3      | Reached skill level 1 in Transmutations
  1799 | D:3      | Reached skill level 1 in Fire Magic
  1799 | D:3      | Reached skill level 1 in Air Magic
  1799 | D:3      | Reached skill level 1 in Earth Magic
  1799 | D:3      | Reached skill level 1 in Poison Magic
  1967 | D:3      | Found an opulent altar of Gozag.
  2245 | D:3      | Found a runed translucent gate.
  2245 | D:3      | Found a runed translucent gate.
  2245 | D:3      | Found a runed translucent gate.
  2245 | D:3      | Noticed bgiannan's ghost (weakling GnFi)
  2399 | D:4      | Noticed a necrophage
  2408 | D:4      | Killed a necrophage
  2409 | D:4      | Reached XP level 5. HP: 37/37 MP: 12/12
  2468 | D:4      | Learned a level 3 spell: Frozen Ramparts
  2472 | D:4      | Learned a level 3 spell: Ozocubu's Armour
  2684 | D:4      | Reached skill level 2 in Invocations
  2684 | D:4      | Reached XP level 6. HP: 43/44 MP: 9/13
  2695 | D:4      | HP: 7/44 [white imp/puff of frost (10)]
  3137 | D:4      | Reached skill level 5 in Dodging
  3320 | D:4      | Reached skill level 2 in Fighting
  3320 | D:4      | Reached skill level 2 in Short Blades
  3320 | D:4      | Reached skill level 2 in Long Blades
  3320 | D:4      | Reached skill level 2 in Axes
  3320 | D:4      | Reached skill level 2 in Maces & Flails
  3320 | D:4      | Reached skill level 2 in Polearms
  3320 | D:4      | Reached skill level 2 in Staves
  3320 | D:4      | Reached skill level 2 in Slings
  3320 | D:4      | Reached skill level 2 in Bows
  3320 | D:4      | Reached skill level 2 in Crossbows
  3320 | D:4      | Reached skill level 2 in Throwing
  3320 | D:4      | Reached skill level 2 in Armour
  3320 | D:4      | Reached skill level 2 in Shields
  3320 | D:4      | Reached skill level 2 in Unarmed Combat
  3320 | D:4      | Reached skill level 2 in Evocations
  3389 | D:4      | Reached XP level 7. HP: 44/50 MP: 7/15
  3595 | D:4      | Noticed Eustachio
  3601 | D:4      | Killed Eustachio
  3602 | D:4      | Reached skill level 2 in Conjurations
  3602 | D:4      | Reached skill level 2 in Hexes
  3602 | D:4      | Reached skill level 2 in Summonings
  3602 | D:4      | Reached skill level 2 in Necromancy
  3602 | D:4      | Reached skill level 2 in Translocations
  3602 | D:4      | Reached skill level 2 in Transmutations
  3602 | D:4      | Reached skill level 2 in Fire Magic
  3602 | D:4      | Reached skill level 2 in Air Magic
  3602 | D:4      | Reached skill level 2 in Earth Magic
  3602 | D:4      | Reached skill level 2 in Poison Magic
  3945 | D:5      | Entered Level 5 of the Dungeon
  3999 | D:5      | Reached skill level 5 in Stealth
  4001 | D:5      | Reached skill level 3 in Invocations
  4343 | D:5      | Noticed Grinder
  4939 | D:5      | Reached XP level 8. HP: 53/57 MP: 12/16
  4976 | D:5      | Found a runed translucent gate.
  4976 | D:5      | Found a runed translucent gate.
  4976 | D:5      | Found a runed translucent gate.
  4983 | D:5      | Noticed Thjof's ghost (novice MfMo)
  5236 | D:5      | Learned a level 3 spell: Mephitic Cloud
  5239 | D:5      | Learned a level 2 spell: Searing Ray
  5270 | D:5      | Reached skill level 3 in Fighting
  5270 | D:5      | Reached skill level 3 in Short Blades
  5270 | D:5      | Reached skill level 3 in Long Blades
  5270 | D:5      | Reached skill level 3 in Axes
  5270 | D:5      | Reached skill level 3 in Maces & Flails
  5270 | D:5      | Reached skill level 3 in Polearms
  5270 | D:5      | Reached skill level 3 in Staves
  5270 | D:5      | Reached skill level 3 in Slings
  5270 | D:5      | Reached skill level 3 in Bows
  5270 | D:5      | Reached skill level 3 in Crossbows
  5270 | D:5      | Reached skill level 3 in Throwing
  5270 | D:5      | Reached skill level 3 in Armour
  5270 | D:5      | Reached skill level 3 in Shields
  5270 | D:5      | Reached skill level 3 in Unarmed Combat
  5270 | D:5      | Reached skill level 3 in Evocations
  5281 | D:5      | Killed Thjof's ghost
  5281 | D:5      | HP: 6/58 [shot self (24)]
  5282 | D:5      | Reached skill level 6 in Spellcasting
  5690 | D:6      | Found a glowing drain.
  5694 | Sewer    | Entered a sewer
  6186 | Sewer    | Reached skill level 3 in Conjurations
  6186 | Sewer    | Reached skill level 3 in Hexes
  6186 | Sewer    | Reached skill level 3 in Summonings
  6186 | Sewer    | Reached skill level 3 in Necromancy
  6186 | Sewer    | Reached skill level 3 in Translocations
  6186 | Sewer    | Reached skill level 3 in Transmutations
  6186 | Sewer    | Reached skill level 3 in Fire Magic
  6186 | Sewer    | Reached skill level 3 in Air Magic
  6186 | Sewer    | Reached skill level 3 in Earth Magic
  6186 | Sewer    | Reached skill level 3 in Poison Magic
  6186 | Sewer    | Reached skill level 4 in Invocations
  6252 | Sewer    | Reached skill level 6 in Dodging
  6513 | D:6      | Reached XP level 9. HP: 56/65 MP: 14/18
  6927 | D:6      | Reached skill level 4 in Fighting
  6927 | D:6      | Reached skill level 4 in Short Blades
  6927 | D:6      | Reached skill level 4 in Long Blades
  6927 | D:6      | Reached skill level 4 in Axes
  6927 | D:6      | Reached skill level 4 in Maces & Flails
  6927 | D:6      | Reached skill level 4 in Polearms
  6927 | D:6      | Reached skill level 4 in Staves
  6927 | D:6      | Reached skill level 4 in Slings
  6927 | D:6      | Reached skill level 4 in Bows
  6927 | D:6      | Reached skill level 4 in Crossbows
  6927 | D:6      | Reached skill level 4 in Throwing
  6927 | D:6      | Reached skill level 4 in Armour
  6927 | D:6      | Reached skill level 4 in Shields
  6927 | D:6      | Reached skill level 4 in Unarmed Combat
  6927 | D:6      | Reached skill level 4 in Evocations
  7340 | D:6      | Reached skill level 6 in Stealth
  7340 | D:6      | Reached skill level 8 in Ice Magic
  8311 | D:7      | Found Dahyuqets's Weapon Boutique.
  8388 | D:7      | Reached skill level 5 in Invocations
  8407 | D:7      | Found a glowing golden altar of the Shining One.
  8743 | D:7      | Found a staircase to the Ecumenical Temple.
  8749 | Temple   | Entered the Ecumenical Temple
  8858 | Temple   | Became a worshipper of Ashenzari the Shackled
  9561 | D:8      | Found a shimmering altar of Xom.
  9570 | D:8      | Reached skill level 7 in Spellcasting
  9573 | D:8      | Reached skill level 4 in Conjurations
  9573 | D:8      | Reached skill level 4 in Hexes
  9573 | D:8      | Reached skill level 4 in Summonings
  9573 | D:8      | Reached skill level 4 in Necromancy
  9573 | D:8      | Reached skill level 4 in Translocations
  9573 | D:8      | Reached skill level 4 in Transmutations
  9573 | D:8      | Reached skill level 4 in Fire Magic
  9573 | D:8      | Reached skill level 4 in Air Magic
  9573 | D:8      | Reached skill level 4 in Earth Magic
  9573 | D:8      | Reached skill level 4 in Poison Magic
  9573 | D:8      | Reached XP level 10. HP: 73/73 MP: 14/20
  9584 | D:8      | Reached skill level 5 in Fighting
  9584 | D:8      | Reached skill level 5 in Short Blades
  9584 | D:8      | Reached skill level 5 in Long Blades
  9584 | D:8      | Reached skill level 5 in Axes
  9584 | D:8      | Reached skill level 5 in Maces & Flails
  9584 | D:8      | Reached skill level 5 in Polearms
  9584 | D:8      | Reached skill level 5 in Staves
  9584 | D:8      | Reached skill level 5 in Slings
  9584 | D:8      | Reached skill level 5 in Bows
  9584 | D:8      | Reached skill level 5 in Crossbows
  9584 | D:8      | Reached skill level 5 in Throwing
  9584 | D:8      | Reached skill level 5 in Armour
  9584 | D:8      | Reached skill level 5 in Shields
  9584 | D:8      | Reached skill level 5 in Unarmed Combat
  9584 | D:8      | Reached skill level 5 in Evocations
 10051 | D:5      | Killed Grinder
 10302 | D:8      | Identified the +4 mace "Kuogil" {protect, Dex+5}
 10399 | D:8      | Found a shadowy altar of Dithmenos.
 10512 | D:9      | Noticed a two-headed ogre
 10765 | D:9      | Noticed a boulder beetle
 10769 | D:9      | Reached skill level 7 in Dodging
 10780 | D:9      | Killed a boulder beetle
 10862 | D:9      | HP: 16/74 [two-headed ogre/+0 giant club (16)]
 10862 | D:9      | HP: 2/74 [two-headed ogre/+0 giant club (14)]
 10863 | D:9      | Killed a two-headed ogre
 10864 | D:9      | Reached skill level 7 in Stealth
 10864 | D:9      | Reached skill level 6 in Invocations
 10945 | D:9      | Found a stormy altar of Qazlal.
 11071 | D:9      | Noticed a skeletal warrior
 11072 | D:9      | Noticed a death knight
 11076 | D:9      | HP: 12/76 [death knight/+0 battleaxe (16)]
 11078 | D:9      | Slain by a death knight

Illustrated notes

Levels and vault maps discovered:
D:1:      scummos_arrival_hexagon, layout_rooms,
          hellmonk_ecumenical_altar_lost_god, serial_shops,
          nicolae_shop_advertising_works [nicolae_subvault_shop_adworks],
          st_stairs_5, minmay_statues_item, amcnicky_mini_rare_corridor_liquid,
          hex_medium, minmay_misc_feat_tower, minmay_misc_feat_cross
D:2:      layout_basic
D:3:      layout_rooms, grunt_gozag_breadcrumbs, ebering_ghost_rock_garden,
          kennysheep_nondescript
D:4:      minmay_razor_zed, layout_basic, uniq_eustachio
D:5:      layout_basic, gammafunk_ghost_nasty_kobolds, uniq_grinder
D:6:      layout_gridville, gup_sewer_entry_spiral
D:7:      layout_basic, tso_oasis_becter, temple_green, serial_shops,
          nicolae_shop_statue_plus
D:8:      layout_basic, mainiacjoe_overflow_large_starburst
D:9:      layout_basic, lemuel_coloured_pillars_altar,
          nicolae_qazlal_scattered_showers
Temple:   dshaligram_water_room_temple

Skill      XL: |  1  2  3  4  5  6  7  8  9 10 |
---------------+-------------------------------+-----
Spellcasting   | 5 6 7 |  7.6
Invocations    | 1 2 3 4 5 6 |  6.2
Fighting       | 1 2 3 4 5 |  5.6
Short Blades   | 1 2 3 4 5 |  5.6
Long Blades    | 1 2 3 4 5 |  5.6
Axes           | 1 2 3 4 5 |  5.6
Maces & Flails | 1 2 3 4 5 |  5.6
Polearms       | 1 2 3 4 5 |  5.6
Staves         | 1 2 3 4 5 |  5.6
Slings         | 1 2 3 4 5 |  5.6
Bows           | 1 2 3 4 5 |  5.6
Crossbows      | 1 2 3 4 5 |  5.6
Throwing       | 1 2 3 4 5 |  5.6
Armour         | 1 2 3 4 5 |  5.6
Shields        | 1 2 3 4 5 |  5.6
Unarmed Combat | 1 2 3 4 5 |  5.6
Evocations     | 1 2 3 4 5 |  5.6
Conjurations   | 1 2 3 4 |  4.6
Hexes          | 1 2 3 4 |  4.6
Summonings     | 1 2 3 4 |  4.6
Necromancy     | 1 2 3 4 |  4.6
Translocations | 1 2 3 4 |  4.6
Transmutations | 1 2 3 4 |  4.6
Fire Magic     | 1 2 3 4 |  4.6
Air Magic      | 1 2 3 4 |  4.6
Earth Magic    | 1 2 3 4 |  4.6
Poison Magic   | 1 2 3 4 |  4.6
Dodging        | 5 6 7 |  7.3
Stealth        | 5 6 7 |  7.1
Ice Magic      | 8 |  8.6

Action                   |  1- 3 |  4- 6 |  7- 9 | 10-12 || total
-------------------------+-------+-------+-------+-------++-------
Melee: Unarmed           |     5 |       |       |       ||     5
       Dagger            |    26 |    38 |   276 |    12 ||   352
       Bite              |     3 |     4 |    36 |    11 ||    54
       Punch             |       |       |     8 |     5 ||    13
       Mace              |       |       |       |    42 ||    42
       Staff             |       |       |       |    19 ||    19
 Cast: Freeze            |    29 |    59 |    17 |    11 ||   116
       Frozen Ramparts   |       |     4 |    33 |     7 ||    44
       Ozocubu's Armour  |       |     1 |    22 |     5 ||    28
       Mephitic Cloud    |       |       |       |     1 ||     1
Evoke: Wand              |       |     4 |     9 |     3 ||    16
  Use: Scroll            |       |       |    12 |       ||    12
 Stab: Sleeping          |     6 |       |     9 |     1 ||    16
       Paralysed         |       |       |       |     4 ||     4
       Distracted        |       |       |       |     1 ||     1
Armor: Robe              |     8 |     3 |    11 |    34 ||    56
       Leather armour    |       |    18 |    79 |       ||    97
Dodge: Dodged            |    28 |    57 |   203 |    52 ||   340

Table legend: (Time is in decaauts)
 A = Elapsed time spent in this place.
 B = Non-inter-level travel time spent in this place.
 C = Inter-level travel time spent in this place.
 D = Time resting spent in this place.
 E = Time spent auto-exploring this place.
 F = Levels seen in this place.
 G = Mean time per level.
                   A        B        C        D        E       F      G
               +--------+--------+--------+--------+--------+-----+--------+
         Total |  11146 |  10155 |    991 |      3 |   8324 |  11 | 1013.3 |
       Dungeon |  10344 |   9411 |    933 |      3 |   7806 |   9 | 1149.3 |
        Temple |    129 |     71 |     58 |      0 |     60 |   1 |  129.0 |
         Sewer |    672 |    672 |      0 |      0 |    458 |   1 |  672.0 |
               +--------+--------+--------+--------+--------+-----+--------+

Top non-repeatable levels by time:
     D:4: 1802 daAuts
     D:6: 1776 daAuts
     D:5: 1545 daAuts
     D:7: 1401 daAuts
     D:8: 892 daAuts
     D:2: 867 daAuts
     D:1: 837 daAuts
     D:3: 696 daAuts
   Sewer: 672 daAuts
     D:9: 526 daAuts
  Temple: 129 daAuts

Table legend:
 A = Kills in this place as a percentage of kills in entire the game.
 B = Kills by you in this place as a percentage of kills by you in the entire game.
 C = Kills by friends in this place as a percentage of kills by friends in the entire game.
 D = Other kills in this place as a percentage of other kills in the entire game.
 E = Experience gained in this place as a percentage of experience gained in the entire game.
 F = Experience gained in this place divided by the number of levels of this place that you have seen.
                   A       B       C       D       E      F
               +-------+-------+-------+-------+-------+----------------------
         Total | 100.0 | 100.0 |   N/A |   N/A | 100.0 | 771.5
       Dungeon |  82.2 |  82.2 |   N/A |   N/A |  97.1 | 915.4
         Sewer |  17.8 |  17.8 |   N/A |   N/A |   2.9 | 248.0
               +-------+-------+-------+-------+-------+----------------------
